Map: Ephemeron LE

Players

Hellraiser

  • Race: Protoss Protoss
  • Spawn Location: 11:00

uThermal - Winner!

  • Race: Terran Terran
  • Spawn Location: 5:00

Event: IEM Katowice 2020

VOD

Have the link to the VOD?

Description

Time

  • Played on: Feb. 25, 2020, 11:58 a.m.
  • Length: 14:52

All games in this series

Show
View Real Time Build Order
Export as new Build Order

Hellraiser Protoss 

Build Orders: 1 Gate Expand, Blink Stalkers 

Get SALT Encoding   

  12  0:00  Probe  
  13  0:12  Probe  
  14  0:17  Pylon  
  14  0:24  Probe (Chrono Boost)  
  16  0:36  Probe (Chrono Boost), Gateway  
  16  0:43  Probe (Chrono Boost)  
  16  0:45  Assimilator  
  17  0:51  Probe  
  18  1:03  Probe  
  19  1:15  Probe  
  20  1:23  Cybernetics Core  
  20  1:31  Nexus  
  20  1:34  Probe  
  21  1:40  Pylon  
  21  1:46  Probe  
  22  1:50  Assimilator  
  22  1:56  Adept (Chrono Boost)  
  22  1:58  Probe (Chrono Boost)  
  25  2:02  Warp Gate  
  25  2:10  Probe (Chrono Boost)  
  26  2:19  Probe (Chrono Boost)  
  26  2:22  Sentry  
  29  2:25  Probe  
  29  2:40  Probe (Chrono Boost)  
  29  2:43  Probe (Chrono Boost)  
  31  2:47  Twilight Council  
  31  2:51  Stalker  
  35  2:52  Probe (Chrono Boost)  
  35  2:53  Probe (Chrono Boost)  
  35  2:57  Probe (Chrono Boost)  
  35  3:01  Probe (Chrono Boost)  
  37  3:09  Probe (Chrono Boost)  
  37  3:11  Gateway  
  38  3:14  Pylon  
  38  3:19  Probe (Chrono Boost)  
  40  3:20  Probe (Chrono Boost)  
  40  3:24  Blink  
  40  3:25  Probe (Chrono Boost)  
  40  3:26  Probe (Chrono Boost)  
  42  3:35  Probe  
  42  3:37  Probe  
  44  3:48  Probe  
  45  3:50  Probe (Chrono Boost), Robotics Facility  
  46  4:00  Probe (Chrono Boost), Pylon  
  46  4:01  Stalker  
  50  4:07  Probe (Chrono Boost)  
  50  4:09  Probe (Chrono Boost)  
  51  4:10  Nexus  
  51  4:14  Probe x2 (Chrono Boost)  
  51  4:17  Pylon  
  53  4:18  Shield Battery  
  53  4:22  Stalker  
  55  4:26  Probe, Stalker  
  55  4:27  Probe  
  55  4:30  Assimilator  
  59  4:36  Gateway  
  59  4:39  Observer (Chrono Boost)  
  59  4:41  Gateway  
  59  4:44  Probe  
  59  4:45  Probe  
  62  4:47  Stalker  
  64  4:56  Probe  
  64  4:57  Observer (Chrono Boost)  
  66  5:00  Stalker  
  66  5:01  Probe  
  66  5:03  Pylon  
  69  5:09  Gateway  
  69  5:10  Gateway  
  69  5:12  Pylon  
  69  5:14  Probe  
  71  5:21  Probe, Observer  
  71  5:22  Charge (Chrono Boost)  
  71  5:23  Probe  
  73  5:30  Stalker x2  
  73  5:33  Probe x2  
  79  5:40  Shield Battery  
  79  5:42  Probe  
  80  5:44  Gateway  
  80  5:45  Probe  
  80  5:47  Gateway  
  80  5:57  Stalker x4  
  88  6:06  Stalker x2  
  85  6:17  Probe  
  85  6:18  Probe  
  80  6:20  Stalker x2  
  80  6:21  Zealot x2  
  87  6:31  Probe  
  80  6:33  Probe  
  80  6:34  Probe  
  80  6:37  Stalker x2  
  84  6:44  Probe, Warp Prism (Chrono Boost)  
  84  6:45  Probe  
  84  6:46  Probe  
  85  6:56  Probe (Chrono Boost)  
  85  6:58  Probe (Chrono Boost)  
  85  6:59  Probe (Chrono Boost)  
  87  7:04  Shield Battery  
  87  7:08  Probe (Chrono Boost)  
  87  7:12  Zealot x3  
  87  7:13  Zealot  
  87  7:15  Probe (Chrono Boost)  
  97  7:16  Probe (Chrono Boost), Pylon  
  97  7:18  Forge  
  97  7:19  Pylon  
  97  7:20  Forge  
  97  7:21  Probe  
  97  7:23  Probe, Robotics Bay  
  97  7:29  Probe  
  100  7:32  Assimilator  
  100  7:34  Assimilator  
  100  7:35  Pylon  
  100  7:39  Zealot x4  
  108  7:44  Zealot x2  
  108  7:50  Zealot x2  
  116  7:51  Protoss Ground Armor Level 1 (Chrono Boost), Protoss Ground Weapons Level 1 (Chrono Boost)  
  116  7:59  Probe x3  
  116  8:03  Extended Thermal Lance  
  111  8:08  Colossus (Chrono Boost)  
  111  8:11  Probe x2  
  113  8:14  Probe  
  108  8:23  Probe  
  108  8:27  Zealot x7  
  121  8:36  Pylon  
  119  8:46  Pylon, Colossus (Chrono Boost)  
  119  8:48  Pylon  
  125  8:57  Nexus  
  125  8:59  Pylon  
  125  9:06  Probe, Sentry x2  
  125  9:07  Stalker, Sentry  
  125  9:08  Zealot x2  
  138  9:13  Probe  
  139  9:18  Photon Cannon  
  139  9:22  Colossus (Chrono Boost)  
  138  9:24  Probe  
  138  9:26  Probe  
  138  9:28  Pylon  
  146  9:41  Pylon  
  142  9:46  Sentry  
  142  9:47  Stalker x3, Sentry, Zealot x3  
  158  9:59  Colossus  
  158  10:01  Pylon  
  164  10:24  Stalker  
  164  10:25  Stalker x2, Zealot x5  
  178  10:41  Gravitic Drive (Chrono Boost)  
  178  10:46  Pylon  
  178  10:48  Stalker, Zealot x7  
  190  11:29  Gateway  
  190  11:31  Gateway  
  190  11:32  Nexus  
  190  11:33  Gateway  
  190  11:34  Stalker x3  
  190  11:38  Gateway  
  196  11:42  Pylon  
  196  11:44  Pylon  
  196  11:45  Pylon  
  186  11:47  Pylon  
  169  11:58  Zealot x8  
  138  12:18  Stalker x2  
  138  12:19  Zealot x6  
  152  12:30  Stalker, Disruptor (Chrono Boost)  
  152  12:34  Nexus  
  152  12:35  Forge  
  152  12:36  Pylon, Forge  
  150  12:41  Probe x2  
  150  12:42  Probe  
  146  12:47  Stalker x4, Sentry x2  
  158  12:53  Probe  
  158  12:55  Probe  
  158  12:56  Probe  
  158  12:57  Colossus (Chrono Boost)  
  161  13:05  Probe  
  168  13:06  Templar Archives  
  168  13:24  Nexus  
  168  13:29  Pylon  
  168  13:35  Dark Shrine  
  168  13:37  Pylon  
  168  13:38  Probe x2  
  168  13:39  Probe  
  168  13:40  Disruptor (Chrono Boost)  
  175  13:48  Probe  
  175  13:50  Probe x2  
  175  13:53  Stalker  
  175  13:54  Stalker x2  
  183  14:02  Probe x2  
  185  14:06  Probe x2, Pylon  
  187  14:11  Disruptor  
  190  14:24  Stalker x4  
  173  14:39  Zealot x6  
Show
View Real Time Build Order
Export as new Build Order

uThermal Terran - Winner!

Build Orders: Reaper Expand, Banshee Rush 

Get SALT Encoding   

  12  0:01  SCV  
  13  0:13  SCV  
  14  0:17  Supply Depot  
  14  0:25  SCV  
  15  0:39  SCV  
  15  0:40  Barracks  
  16  0:43  Refinery  
  16  0:51  SCV  
  17  1:03  SCV  
  18  1:15  SCV  
  19  1:27  Reaper, Orbital Command  
  20  1:42  Command Center  
  20  1:50  Supply Depot  
  20  1:54  SCV  
  20  2:01  Marine  
  22  2:06  SCV  
  23  2:10  Factory  
  23  2:18  SCV  
  23  2:21  Barracks Reactor  
  24  2:30  SCV  
  24  2:39  Refinery  
  24  2:42  SCV  
  25  2:53  Hellion  
  25  2:54  Orbital Command  
  25  2:55  SCV  
  25  2:57  Starport  
  25  2:58  Marine x2  
  30  3:07  SCV  
  31  3:12  Bunker  
  31  3:15  Factory Tech Lab  
  31  3:16  Marine x2  
  31  3:19  SCV x2  
  35  3:31  SCV  
  36  3:37  SCV, Supply Depot  
  36  3:38  Marine x2  
  39  3:41  Factory Tech Lab  
  39  3:43  SCV  
  39  3:44  Cloaking Field  
  40  3:48  Banshee  
  40  3:49  SCV  
  40  3:55  SCV  
  45  3:56  Marine  
  45  3:59  Marine  
  45  4:00  Supply Depot  
  45  4:02  SCV  
  48  4:07  SCV  
  49  4:10  Supply Depot  
  49  4:14  SCV, Marine, Siege Tank  
  54  4:21  Marine  
  54  4:22  SCV, Supply Depot  
  56  4:26  SCV  
  57  4:31  Banshee, Marine  
  57  4:34  SCV  
  63  4:38  SCV  
  63  4:46  SCV  
  63  4:47  Marine  
  63  4:49  Marine  
  66  4:54  Siege Tank  
  66  4:55  SCV, Command Center  
  70  5:02  SCV  
  70  5:03  Supply Depot  
  70  5:04  Marine  
  72  5:07  SCV, Marine  
  74  5:15  Banshee  
  74  5:16  Barracks  
  74  5:17  Barracks  
  77  5:22  SCV  
  77  5:24  Marine  
  77  5:25  Marine  
  77  5:27  SCV  
  77  5:28  Supply Depot  
  81  5:32  Siege Tank  
  81  5:34  Refinery  
  84  5:37  SCV, Refinery  
  84  5:39  SCV  
  86  5:49  Marine  
  88  5:50  SCV, Engineering Bay  
  88  5:52  Engineering Bay  
  88  5:54  Marine  
  89  5:57  SCV  
  89  6:02  SCV  
  91  6:09  Bunker x2  
  91  6:10  Bunker  
  88  6:11  Marine  
  88  6:16  Factory Reactor  
  88  6:17  Starport Reactor  
  89  6:23  Stimpack, Marauder x2  
  89  6:24  Marine  
  81  6:33  Marine  
  81  6:35  SCV  
  74  6:41  SCV, Marine  
  74  6:45  Barracks  
  76  6:47  SCV, Barracks  
  76  6:50  Orbital Command, Marine  
  76  6:52  Marine  
  76  6:53  SCV  
  80  6:58  Combat Shield  
  80  6:59  Marine  
  80  7:00  SCV, Marine  
  77  7:08  Terran Infantry Weapons Level 1, Terran Infantry Armor Level 1  
  76  7:10  SCV  
  76  7:12  Marauder, Marine  
  76  7:14  SCV  
  76  7:15  SCV  
  82  7:17  Marine  
  82  7:18  Marine  
  82  7:19  Widow Mine  
  82  7:22  SCV  
  85  7:23  Widow Mine  
  85  7:24  Medivac x2  
  85  7:26  SCV  
  85  7:29  Marine  
  89  7:30  Supply Depot  
  89  7:31  SCV, Missile Turret  
  89  7:34  Barracks Reactor, Barracks Tech Lab  
  89  7:36  SCV  
  92  7:41  SCV  
  92  7:42  Missile Turret, Widow Mine  
  92  7:44  Marauder, Missile Turret, Marine, Widow Mine  
  96  7:47  SCV  
  96  7:48  SCV  
  96  7:50  Marine  
  103  7:53  SCV  
  103  7:54  Supply Depot  
  103  7:55  Medivac x2  
  103  7:56  Marine  
  103  7:57  Marauder  
  111  8:00  Refinery  
  111  8:01  Marine  
  111  8:04  Refinery  
  108  8:07  Marine  
  108  8:09  Marine  
  108  8:14  Marauder  
  108  8:17  SCV  
  108  8:18  Marauder  
  108  8:19  SCV, Bunker, Marine  
  106  8:21  Marine  
  106  8:24  Medivac  
  106  8:25  Medivac, Marauder, Marine  
  110  8:28  Widow Mine x2, Marine  
  110  8:31  SCV  
  116  8:36  Marauder  
  116  8:37  SCV  
  116  8:38  SCV  
  116  8:39  Supply Depot, Marauder  
  122  8:43  SCV  
  122  8:46  Marauder  
  122  8:47  Armory  
  125  8:51  Missile Turret  
  125  8:57  Supply Depot  
  125  9:00  SCV x3, Marine x2  
  125  9:01  Marauder, Marine  
  133  9:08  Supply Depot  
  133  9:09  Supply Depot  
  133  9:11  Missile Turret  
  133  9:18  SCV x3  
  136  9:26  Marauder, Marine x2  
  136  9:27  Fusion Core, Marine  
  136  9:30  SCV x2, Marine  
  144  9:34  SCV  
  145  9:40  Terran Infantry Armor Level 2, Terran Infantry Weapons Level 2  
  145  9:41  Concussive Shells  
  145  9:44  Marine  
  145  9:45  Marauder  
  148  9:48  Marine  
  148  9:49  Supply Depot  
  149  9:54  Marauder, Marine x2  
  149  9:57  Marine  
  154  10:02  Marine  
  154  10:06  Liberator  
  157  10:11  Marauder  
  157  10:12  Supply Depot  
  159  10:17  Advanced Ballistics, Command Center  
  159  10:18  Marine  
  160  10:25  Marauder, Marine  
  160  10:28  Terran Ship Weapons Level 1  
  163  10:29  Marine  
  163  10:33  Liberator  
  167  10:37  Supply Depot, Marine  
  167  10:38  Marauder, Marine  
  167  10:42  Marine  
  172  10:43  Starport  
  172  10:45  Marine  
  172  10:57  Marine  
  172  10:58  Liberator  
  172  10:59  Marauder x2  
  172  11:02  Marauder  
  172  11:03  Marine  
  179  11:12  Marine  
  180  11:26  Supply Depot  
  180  11:28  SCV  
  180  11:29  Marauder x3, Liberator x3  
  193  11:33  Barracks Tech Lab  
  193  11:35  Sensor Tower  
  190  11:41  Liberator  
  190  11:48  Marine  
  190  11:50  Marauder, Marine  
  190  11:51  Marauder  
  192  11:59  Marauder, Marine  
  163  12:06  Marine  
  143  12:08  Marine  
  143  12:11  Liberator x3  
  143  12:12  Marauder x2  
  156  12:17  Marauder  
  156  12:21  Marauder  
  160  12:25  Liberator  
  160  12:27  Marine  
  163  12:33  Marauder  
  163  12:34  Marauder, Marine  
  158  12:41  Marine  
  158  12:42  Marauder  
  153  12:45  Marine  
  149  12:52  Marine  
  149  12:53  Orbital Command  
  149  12:54  Marine, Liberator  
  149  12:55  Marine  
  155  13:03  Liberator  
  156  13:15  Sensor Tower  
  156  13:19  Marauder, Marine  
  159  13:24  Marauder  
  163  13:34  Medivac  
  163  13:37  Orbital Command  
  163  13:42  Marine  
  163  13:43  Marauder, Marine  
  163  13:47  Marauder  
  169  13:56  Marine  
  170  14:04  Liberator  
  173  14:13  Marauder, Marine  
  179  14:18  Marine  
  179  14:23  Supply Depot  
  180  14:25  Supply Depot  

Tags
 
Add a new tag
Caveats
  • Supply blocks, unpowered buildings, or Contaminate may cause inaccurate times.
  • Supply counts are checked every 10 seconds.